ransylhack, neutral female sylph Ranger ----------- ----------- |.%....%..| |.........| # ----- |.)....%.%| ###..........| # |...| |%....%%..-# # |.....%....############-^..| -+---.-----# ### ..........| |...| # # # -.--.------ ##########....| ### # ### ### ##### |...| # # # ## # ---.- ### #### ### ### ## # ## # # # # ## ### ######### # -|----- # -----.-+- # |....E| # |.......| # |...u.| # |.......| # |..(..| ### ....<....#### ----.- ......| #+ --------- # |....| ------- ###|..>.| #-....| ------ ransylhack the Trailblazer Experience level: 7 Strength: 15 Dexterity: 9 Constitution: 15 Intelligence: 13 Wisdom: 14 Charisma: 9 Health: 0(53) Energy: 53(53) Def: 3 Gold: 4801 Moves: 1879 Dungeon seed: X1isE4RcsYFul87i Game ID: ransylhack_1459272608 Your Inventory: Coins $ - 4801 gold pieces Weapons a - an uncursed +1 dagger (alternate weapon; not wielded) b - an uncursed +2 bow (weapon in hand) c - 51 uncursed +2 arrows (in quiver) d - 37 uncursed +0 arrows p - a blessed +5 dagger x - 7 uncursed +0 orcish arrows J - 18 uncursed +0 arrows Armor e - an uncursed +2 cloak of displacement (being worn) Comestibles f - 3 uncursed cram rations m - 2 uncursed lembas wafers r - an uncursed eucalyptus leaf F - an uncursed sprig of wolfsbane Q - an uncursed tripe ration Scrolls j - a cursed scroll of food detection l - an uncursed scroll of enchant armor E - a cursed scroll of destroy armor I - an uncursed scroll of create monster W - an uncursed scroll of scare monster Potions h - a blessed potion of gain energy i - a blessed potion of healing k - a cursed potion of hallucination t - a cursed potion of extra healing H - 2 uncursed potions of healing O - an uncursed potion of gain energy R - an uncursed potion of monster detection T - an uncursed potion of gain ability Z - a blessed potion of restore ability Rings K - a cursed ring of warning Wands g - an uncursed wand of slow monster (0:3) X - an uncursed wand of enlightenment (0:14) Spells and supernatural/magical abilities: Name Level Category Fail Memory W - pray for help -- divine ? -- Your skills at the end: Miscellaneous Skills wands [Basic] Weapon Skills dagger [Basic] bow [Skilled] Spellcasting Skills Final Attributes: You were devoutly aligned. You saw invisible. You had automatic searching. You had infravision. You were displaced. You were stealthy. You were protected from shape changers. You are dead. Vanquished creatures: 18 leprechauns a brown pudding a rock mole a ghoul a little dog a kobold lord an iguana a coyote 2 hobbits a large kobold 2 geckos a giant rat a brown mold 2 yellow molds 2 green molds a red mold a gnome zombie 2 jackals a fox a kobold a grid bug a lichen a kobold zombie 45 creatures vanquished. Voluntary challenges: You were vegetarian. You did not adorn yourself with jewelry or accessories. You used a wielded weapon 6 times, starting on turn 327. You did not use tools. You were illiterate. You never genocided any monsters. You never polymorphed an object. You never changed form. You used no wishes. You never split a pudding. You never wrote Elbereth's name. You never violated your personal moral code. Dungeon overview: The Dungeons of Doom: levels 1 to 8 Level 1 a fountain a long staircase Level 2 Level 3 an altar to Mars, some fountains Level 4 Level 5 Level 6 Level 7 <- You were here Level 8 History has recorded: On T:1 you entered the Dungeons of Doom to retrieve the Amulet of Yendor! On T:175 you reached level 2 of The Dungeons of Doom. On T:259 you reached level 3 of The Dungeons of Doom. On T:542 you reached level 4 of The Dungeons of Doom. On T:594 you advanced to experience level 2. On T:849 you reached level 5 of The Dungeons of Doom. On T:914 you reached level 6 of The Dungeons of Doom. On T:942 you advanced to experience level 3. On T:1267 you reached level 7 of The Dungeons of Doom. On T:1299 you advanced to experience level 4. On T:1390 you reached level 8 of The Dungeons of Doom. On T:1593 you advanced to experience level 5. On T:1693 you advanced to experience level 6. On T:1822 you advanced to experience level 7. Score breakdown: Gold: 4801 ( 480 points) Experience: 7 levels ( 600 points) Exploration: 8 levels ( 210 points) Discoveries: 2 items ( 100 points) Variety of kills: 23 monsters ( 1150 points) Major goal: (nothing yet) ( 0 points) Survival: died (score multiplied by 3) Total score: 7620 Latest messages: c - 2 uncursed +2 arrows (in quiver). The white unicorn butts! You die... Final status: Goodbye ransylhack the Ranger, killed by a white unicorn... You died in The Dungeons of Doom on dungeon level 7 with 7620 points, and 4801 pieces of gold, after 1879 moves. You were level 7 with a maximum of 53 hit points when you died.